Cogmind - Beta 10.2 @@@ ROGUE MODE // 2020.10.31 @ 10:01:54 Player: Nonymous Result: Destroyed by G-34 Mercenary with Small Laser Performance ------------- Evolutions (0) 0 Regions Visited (2) 400 Robots Destroyed (18) 90 Value Destroyed (412) 412 Prototype IDs (2) 40 Alien Tech Used (0) 0 Bonus (0) 0 TOTAL SCORE: 942 Bonus ------- None Cogmind --------- Core Integrity 0/250 Matter 300/300 Energy 155/160 System Corruption 0% Temperature Cool (31) Movement Walking (150) Ox1 Location -10/Mines Parts ------- > --- POWER (1) -------- Light Nuclear Core > --- PROPULSION (2) --- Aluminum Leg Aluminum Leg > --- UTILITY (2) ------ Improved Heat Sink Large Storage Unit > --- WEAPON (2) ------- Medium Laser Small Laser > --- INVENTORY (10) --- Light Ion Engine Aluminum Leg Aluminum Leg Small Storage Unit Medium Laser Medium Laser Small Laser Peak State ------------ > --- POWER ------------ Light Nuclear Core > --- PROPULSION ------- Aluminum Leg Aluminum Leg > --- UTILITY ---------- Improved Heat Sink Small Storage Unit > --- WEAPON ----------- Small Laser Small Laser > --- INVENTORY -------- Light Ion Engine Aluminum Leg Aluminum Leg Small Laser [Rating: 11] Favorites ----------- Power Light Nuclear Core Engine Light Ion Engine Power Core Light Nuclear Core Propulsion Aluminum Leg Leg Aluminum Leg Utility Improved Heat Sink Device Improved Heat Sink Storage Large Storage Unit Processor Seismic Analyzer Weapon Small Laser Energy Gun Small Laser Ballistic Gun Light Assault Rifle Build | -11 -10 -10 ------- Run | Scr Mat Min Slots Evolved . | . . . Power . | . . . Propulsion . | . . . Utility . | . . . Weapon . | . . . Parts Attached 22 | 8 14 . Power 2 | 1 1 . Engine 1 | 1 . . Core 1 | . 1 . Reactor . | . . . Propulsion 6 | 2 4 . Treads . | . . . Leg 6 | 2 4 . Wheel . | . . . Hover . | . . . Flight . | . . . Utility 6 | 3 3 . Device 3 | 1 2 . Storage 2 | 1 1 . Processor 1 | 1 . . Hackware . | . . . Protection . | . . . Artifact . | . . . Weapon 8 | 2 6 . Energy Gun 7 | 1 6 . Energy Cannon . | . . . Ballistic Gun 1 | 1 . . Ballistic Cannon . | . . . Launcher . | . . . Special Weapon . | . . . Impact Weapon . | . . . Slashing Weapon . | . . . Piercing Weapon . | . . . Special Melee Weapon . | . . . Unidentified Prototypes . | . . . Parts Lost 8 | . 8 . Power 1 | . 1 . Propulsion 2 | . 2 . Utility . | . . . Weapon 5 | . 5 . Highest Loss Streak 6 | . 6 . Average Slot Usage (%) 96 | . 96 100 Engine 3 | . 4 . Core 8 | . 8 14 Leg 27 | . 27 28 Device 13 | . 13 14 Storage 14 | . 14 14 Energy Gun 23 | . 23 28 Ballistic Gun 3 | . 3 . Naked Turns . | . . . Heaviest Build 25 | 11 25 25 Greatest Support 20 | 20 20 20 Greatest Overweight (x) 2 | . 2 1 Average Overweight (x) . | . . 1 Largest Inventory Capacity 10 | 6 10 10 Average Capacity 7 | 5 8 10 Most Carried 7 | 2 7 7 Average Carried 4 | 1 4 7 Final Capacity 10 | 6 10 10 Final Carried 7 | 2 7 7 Class Distribution -------------------- 58% | Scavenger-Mutant 41% | Mutant Dominant Class ---------------- Scavenger-Mutant | -10/Materials Scavenger-Mutant | -10/Mines Resources | -11 -10 -10 ----------- Run | Scr Mat Min Matter Collected 449 | 299 150 . Remotely . | . . . Salvage Created 760 | 176 584 . Parts 35 | 10 25 . Haulers Intercepted . | . . . Recyclers Shooed 2 | . 2 . Parts Field Recycled . | . . . Retrieved Matter . | . . . Parts Self-Destructed . | . . . Prevented . | . . . Kills | -11 -10 -10 ------- Run | Scr Mat Min Combat Hostiles Destroyed 9 | . 9 . Guns 9 | . 9 . Classes Destroyed 5 | 2 3 . Worker 2 | . 2 . Tunneler 3 | 3 . . Recycler 2 | 1 1 . Watcher 2 | . 2 . Grunt 9 | . 9 . Best Kill Streak 4 | 2 4 . Combat Bots Only 4 | . 4 . Max Kills in Single Turn 2 | 1 2 . Gunslinging . | . . . Exploded . | . . . Melee . | . . . Uniques/NPCs Destroyed . | . . . Combat | -11 -10 -10 -------- Run | Scr Mat Min Damage Taken 1059 | 14 939 106 Core 256 | . 230 26 Absorbed by Shields . | . . . Core Remaining (%) 100 | 100 . . Volleys Fired 103 | 19 80 4 Largest 2 | 2 2 2 Hottest 105 | 60 105 90 Shots Fired 191 | 38 145 8 Gun 191 | 38 145 8 Cannon . | . . . Launcher . | . . . Special . | . . . Kinetic 51 | 19 32 . Thermal 106 | . 98 8 Explosive . | . . . Electromagnetic 34 | 19 15 . Robot Hit Streak 11 | 4 11 6 Robot Miss Streak 6 | 3 6 2 Penetration Max . | . . . Secondary Targets 2 | . 2 . Max Gunslinging Chain 1 | . 1 . Shots Hit Robots 117 | 21 90 6 Core Hits 43 | 8 34 1 Critical Hits 1 | . 1 . Critical Kills . | . . . Critical Parts Destroyed 1 | . 1 . Melee Attacks . | . . . Impact . | . . . Slashing . | . . . Piercing . | . . . Sneak Attacks . | . . . Combat Hostiles . | . . . Follow-up Attacks . | . . . Damage Inflicted 1257 | 210 975 72 Guns 1233 | 186 975 72 Cannons . | . . . Explosions 24 | 24 . . Melee . | . . . Ramming . | . . . Kinetic 225 | 57 168 . Thermal 729 | 24 633 72 Explosive . | . . . Electromagnetic 303 | 129 174 . Impact . | . . . Slashing . | . . . Piercing . | . . . Highest Corruption . | . . . Average Corruption . | . . . Corruption Purged . | . . . Overload Shots . | . . . Overflow Damage 9 | 9 . . Projectiles . | . . . Explosions 9 | 9 . . Melee . | . . . Knockbacks . | . . . Impact . | . . . Kinetic . | . . . Secondary . | . . . Self-Inflicted Damage 14 | 14 . . Shots 1 | 1 . . Rammed . | . . . Targets Rammed . | . . . Kicked . | . . . Crushed . | . . . Highest Temperature 114 | 42 114 25 Average Temperature 37 | 18 50 12 Received Heat Transfer 573 | . 513 60 Siege Activations . | . . . Robots Corrupted . | . . . Combat Hostiles . | . . . Parts Fried 2 | . 2 . Impact Corruptions . | . . . Robots Melted . | . . . Combat Hostiles . | . . . Parts Melted 1 | . 1 . Heat Transferred 1721 | 50 1485 186 Parts Sabotaged . | . . . Parts Stolen . | . . . Parts Stripped . | . . . Power Chain Reactions 1 | 1 . . Missiles Intercepted . | . . . Alert | -11 -10 -10 ------- Run | Scr Mat Min Peak Influence 240 | 20 240 5 Initial 13 | . 13 5 Average 70 | 9 87 5 Maximum Alert Level 1 | . 1 . Low Security (%) 91 | 100 89 100 Level 1 8 | . 10 . Level 2 . | . . . Level 3 . | . . . Level 4 . | . . . Level 5 . | . . . High Security . | . . . Max Security . | . . . Squads Dispatched 2 | . 2 . Investigation 1 | . 1 . Extermination . | . . . Reinforcement 1 | . 1 . Assault . | . . . Garrison . | . . . Intercept . | . . . Construction Impeded . | . . . Haulers Reinforced . | . . . Stealth | -11 -10 -10 --------- Run | Scr Mat Min Distress Signals 2 | . 2 . Communications Jammed . | . . . Distress Signals . | . . . Times Spotted 27 | . 25 2 Peak Tracking Total 6 | . 6 2 Tactical Retreats 2 | . 2 . Traps | -11 -10 -10 ------- Run | Scr Mat Min Traps Triggered . | . . . Indirectly . | . . . Trap Hack Attempts . | . . . Triggered . | . . . Disarmed 6 | . 6 . Reprogrammed 4 | . 4 . Reused 1 | . 1 . Traps Extracted . | . . . Installed . | . . . Triggered 1 | . 1 . Machines | -11 -10 -10 ---------- Run | Scr Mat Min Machines Disabled . | . . . Max in Single Turn . | . . . Machines Sabotaged . | . . . Garrisons Compromised . | . . . Overloaded Fab Kills . | . . . Fab Network Shutdowns . | . . . Hacking | -11 -10 -10 --------- Run | Scr Mat Min Machines Accessed 7 | . 7 . Terminals 7 | . 7 . Fabricators . | . . . Repair Stations . | . . . Recycling Units . | . . . Scanalyzers . | . . . Garrison Access . | . . . Total Hacks 26 | . 26 . Successful 13 | . 13 . Failed 13 | . 13 . Catastrophic 1 | . 1 . Database Lockouts . | . . . Manual . | . . . Terminals 26 | . 26 . Fabricators . | . . . Repair Stations . | . . . Recycling Units . | . . . Scanalyzers . | . . . Garrison Access . | . . . Terminal Hacks 13 | . 13 . Record 1 | . 1 . Prototype ID Bank 1 | . 1 . Branch Access Points 1 | . 1 . Alert Level 1 | . 1 . Locate Traps 4 | . 4 . Disarm Traps 1 | . 1 . Reprogram Traps 1 | . 1 . Recall Investigation 1 | . 1 . Hauler Manifests 1 | . 1 . Zone Layout 1 | . 1 . Fabricator Hacks . | . . . Repair Station Hacks . | . . . Recycling Unit Hacks . | . . . Scanalyzer . | . . . Garrison Access Hacks . | . . . Unauthorized Hacks . | . . . Terminals . | . . . Fabricators . | . . . Repair Stations . | . . . Recycling Units . | . . . Scanalyzers . | . . . Garrison Access . | . . . Data Cores Recovered . | . . . Used . | . . . Hacking Detections 6 | . 6 . Full Trace Events 1 | . 1 . Feedback Events . | . . . Feedback Blocked . | . . . Robot Schematics Acquired . | . . . Robots Built . | . . . Matter . | . . . Time . | . . . Total Robot Build Rating . | . . . Part Schematics Acquired . | . . . Parts Built . | . . . Matter . | . . . Time . | . . . Total Part Build Rating . | . . . Parts Repaired . | . . . Time . | . . . Parts Recycled . | . . . Recycled Matter . | . . . Retrieved Matter . | . . . Retrieved Components . | . . . Parts Scanalyzed . | . . . Part Schematics Acquired . | . . . Parts Damaged . | . . . Bothacking | -11 -10 -10 ------------ Run | Scr Mat Min Used RIF Installer . | . . . Robots Hacked . | . . . Non-combat . | . . . Combat . | . . . Robot Hacks Applied . | . . . Relay Couplers Released . | . . . Robots Rewired . | . . . Allies Hacked . | . . . Hacks Repelled . | . . . Allies | -11 -10 -10 -------- Run | Scr Mat Min Total Allies . | . . . Largest Group . | . . . Highest-Rated Group . | . . . Highest-Rated Ally . | . . . Total Orders . | . . . Ally Attacks . | . . . Total Damage . | . . . Kills . | . . . Allies Corrupted . | . . . Allies Melted . | . . . Intel | -11 -10 -10 ------- Run | Scr Mat Min Robot Analysis Total . | . . . Derelict Logs Recovered 1 | . . 1 Drone Launches . | . . . Drone Recoveries . | . . . Exploration | -11 -10 -10 ------------- Run | Scr Mat Min Turns Passed 1206 | 145 960 101 Spaces Moved 622 | 66 511 45 Core 8 | 2 6 . Treads . | . . . Legs 614 | 64 505 45 Wheels . | . . . Hover . | . . . Flight . | . . . Fastest Speed 50 | 50 120 150 Average Speed 135 | 117 136 150 Slowest Speed 150 | 120 150 150 Overloaded Moves . | . . . Propulsion Burnouts . | . . . Robots Hopped . | . . . Cave-ins Triggered . | . . . Exploration Rate (%) 34 | 5 82 16 Regions Visited 2 Branch Regions 1 Pre-discovered Areas . | . . . Known Exits Taken 1 | . 1 . Unknown Exits Taken 1 | 1 . . Scrap Searched . | . . . Spaces Dug . | . . . Terrain Destroyed 2 | 2 . . Melee . | . . . Projectile . | . . . AOE 2 | 2 . . Terrain Rammed . | . . . Walls Destroyed . | . . . Machines Disabled . | . . . Actions | -11 -10 -10 --------- Run | Scr Mat Min Total 799 | 95 632 72 Wait 42 | . 19 23 Move 620 | 65 510 45 Hop . | . . . Pick Up 8 | 2 6 . Fast Attach 13 | 8 5 . Attach 4 | . 4 . Detach . | . . . Swap 5 | . 5 . Drop 4 | 1 3 . Fire 103 | 19 80 4 Melee . | . . . Ram . | . . . Kick . | . . . Crush . | . . . Escape Stasis . | . . . Rewire . | . . . Trap . | . . . Miscellaneous . | . . . Route ------- -11/Scrapyard -10/Materials (discovered 3 exits: [*Mat x2] / *Min) -10/Mines (discovered 2 exits: [*Mat] / Exi) History --------- Turn | Location | Event 14 | -11/Scrapyard | Discovered new exit (range 15) 146 | -11/Scrapyard | Entered Materials 303 | -10/Materials | Build established: Mutant 305 | -10/Materials | Identified exit to Mines 425 | -10/Materials | Core integrity fell below 50% 482 | -10/Materials | Lost 6 parts (1p2n3w) 631 | -10/Materials | Core integrity fell below 20% 686 | -10/Materials | Discovered new exit (range 12) 804 | -10/Materials | Build established: Scavenger-Mutant 900 | -10/Materials | Discovered new exit (range 12) 1106 | -10/Materials | Entered Mines 1126 | -10/Mines | Discovered new exit (range 12) 1130 | -10/Mines | Identified exit to Exiles 1207 | -10/Mines | Destroyed by G-34 Mercenary with Small Laser Last Messages --------------- >>Recall(Investigation) Establishing remote squad link... No tasked investigation squads found. >>Alert(Check) Current Alert Level: Low Security 00752_ Acquired 10 matter. 00900_ EXIT=FOUND 00948_ Acquired Med. Laser. 01027_ K-01 Serf cleans the Electrolysis Chamber. 01028_ O-16 Technician: "IFF HANDSHAKE FAILED. SECURING TERMINAL." 01031_ K-01 Serf cleans the Electrolysis Chamber. 01033_ Acquired 10 matter. 01038_ K-01 Serf cleans the Electrolysis Chamber. LOCATION=MINES GOAL=ESCAPE Something is scanning the area. 01126_ EXIT=FOUND 01129_ K-01 Serf collects debris. 01130_ Acquired derelict log, extracted data. 01139_ K-01 Serf collects debris. Map ----- +----------------------------------------------------+ | ?????????????????????????????????????? | | ?????????????????????????????????????? | | ?????????????????????????????????????? | | ?????????????????????????????????????? | | ?????????????????????????????????????? | | ?????????????????????????????????????? | | ?????????????????????????????????????? | | ????????????????####?????????????????? | | ???????????????? ##????????????????? | | ???????????????? ?????????????????? | | ???????????????? ?????????????????? | | ???????????????? < ?????????????????? | | ???????????????? ?????????????????? | | ????????????????# #?????????????????? | | ????????????????# #?????????????????? | | ????????????????# #?????????????????? | | ????????????????# #?????????????????? | | ????????????????# #?????????????????? | | ??????###???????# #???????####??????? | | ?????## ##?????# #??????## ###????? | | ????## #?????# ####???# ##???? | | ???## #????##gg# #???# ##??? | | ??## ##??## ##??# ## | | ??# #### #### = | | ??# | | ??# @ | | ??## ! ## | | ???# ### ######### | | ???## ##?## k ##???????? | | ????## #???## #####?????????? | | ?????## ! #????## ##?????????????? | | ??????## #?????####??????????????? | | ???????## ##???????????????????????? | | ????????#####????????????????????????? | | ?????????????????????????????????????? | | ?????????????????????????????????????? | | ?????????????????????????????????????? | | ?????????????????????????????????????? | | ?????????????????????????????????????? | | ?????????????????????????????????????? | | ?????????????????????????????????????? | | | | | | | | | | | | | | | | | | | +----------------------------------------------------+ Best States ------------- Heat Dissipation 39 Energy Generation 14 Energy Capacity 160 Matter Stores 300 Matter Capacity 300 Sight Range 16 Terrain Scan Range 16 Terrain Scan Density 60 Evasion (%) 40 Item Schematics ----------------- None Robot Schematics ------------------ None Fabricated ------------ Nothing Alien Tech Used ----------------- None Achievements -------------- None Challenges ------------ None Game ------ Seed NullCombatStabilizer Manual? 0 Play Time 00:14:22 Cumulative 7.4 hours Start 2020.10.31 @ 09:32:40 End 2020.10.31 @ 10:01:54 Sessions 1 Manual Loads 0 Difficulty Rogue Special Mode None Game No. 5 Rogue 5 Adventurer 0 Explorer 0 Win Type - Total 0 Types 0/0/0/0/0/0/0/0/0 Lore% 3 Gallery% 12 Achievement% 11 Wizard Run 0 Options --------- ASCII 0 Keyboard 0 Movement Vi Keybinds 0 Fullscreen 1 Font 18/X11 Map View 76x50 Tactical HUD 1 Map Filters NONE Filters NONE Steam 1 RUN: 204e91b6-629e-413b-8cfc-1d89699bce8b